 Dungeon Crawl Stone Soup version 0.13.1-27-ga479965 (webtiles) character file.

393 Chiseanne the Firebug (level 5, -5/35 HPs)
             Began as a Mummy Fire Elementalist on Feb 14, 2014.
             Slain by an ogre
             ... wielding a +0,+0 giant club
              (26 damage)
             ... on Level 4 of the Dungeon.
             The game lasted 00:25:04 (16736 turns).

Chiseanne the Firebug (Mummy Fire Elementalist)    Turns: 16736, Time: 00:25:04

HP  -5/35        AC  3     Str 11      XL: 5   Next: 61%
MP  10/10        EV 12     Int 15      God:
Gold 177         SH  0     Dex 12      Spells:  3 memorised,  4 levels left

Res.Fire  : x . .   See Invis. : .   c - +0,+2 short sword {*Bughunter*}
Res.Cold  : + . .   Warding    : .   j - +1 robe
Life Prot.: + + +   Conserve   : .   (no shield)
Res.Poison: +       Res.Corr.  : .   (no helmet)
Res.Elec. : .       Clarity    : .   (no cloak)
Sust.Abil.: + .     Spirit.Shd : .   (no gloves)
Res.Mut.  : .       Stasis     : .   (no boots)
Res.Rott. : +       Flight     : .   (no amulet)
Saprovore : . . .                    (no ring)
                                     i - ring of sustain abilities

@: confused, slightly resistant to hostile enchantments, very unstealthy
A: no food or potions, fire vulnerability, restore body, cold resistance 1, life
protection 3, poison resistance, torment resistance, unbreathing
a: no special abilities


You were on level 4 of the Dungeon.
You were not hungry.

You visited 1 branch of the dungeon, and saw 4 of its levels.

You collected 157 gold pieces.

Inventory:

Hand weapons
 c - a +0,+2 short sword (weapon) {*Bughunter*}
 m - a +0 blowgun
Missiles
 l - 9 poisoned needles
Armour
 j - a +1 robe (worn)
Scrolls
 a - 4 scrolls of remove curse {unknown}
 d - a scroll of amnesia {unknown}
 e - 3 scrolls of identify
 f - a scroll of curse weapon {unknown}
 g - a scroll of enchant weapon II {unknown}
 h - a scroll of magic mapping {unknown}
 k - a scroll of teleportation {unknown}
 n - a scroll of recharging {unknown}
 o - a scroll of curse armour {unknown}
Jewellery
 i - a ring of sustain abilities (left hand)
 p - an uncursed ring of protection from fire {unknown}
Books
 b - a book of Flames

   Spells                             Type                      Level
   *Flame Tongue                      Conjuration/Fire             1
   *Throw Flame                       Conjuration/Fire             2
   *Conjure Flame                     Conjuration/Fire             3
   Inner Flame                        Hexes/Fire                   3
   Sticky Flame                       Conjuration/Fire             4
   Fireball                           Conjuration/Fire             5


   Skills:
 - Level 1.5 Dodging
 - Level 1.5 Stealth
 * Level 3.0 Spellcasting
 - Level 0.7 Conjurations
 * Level 4.5 Fire Magic


You had 4 spell levels left.
You knew the following spells:

 Your Spells              Type           Power        Failure   Level  Hunger
a - Flame Tongue          Conj/Fire      ##...        10%         1    N/A
b - Throw Flame           Conj/Fire      ##....       12%         2    N/A
c - Conjure Flame         Conj/Fire      ##......     24%         3    N/A

Dungeon Overview and Level Annotations

Branches:
Dungeon (4/27)
 Temple: D:4-7

Altars:
Cheibriados


Innate Abilities, Weirdness & Mutations

You do not eat or drink.
Your flesh is vulnerable to fire.
Your flesh is cold resistant.
You are immune to negative energy.
Your system is resistant to poisons.
You are immune to unholy pain and torment.
You can survive without breathing.


Message History

The ogre shouts!
The puff of flame hits you! The fire burns you terribly!
The puff of flame misses you.
You feel less confused. The ogre barely misses you.
Something tries to affect you, but you resist.
Found a runed ring mail.
The ogre closely misses you.
You see here a diamond ring.
p - a diamond ring The ogre hits you with a giant club!
You hear some strange, mumbled words.
The puff of flame misses you.
Read which item? (? for menu, Esc to quit)
Okay, then.
You hear some strange, mumbled words.
You are confused.
The ogre hits you with a giant club!
Ouch! That really hurt!
You die...

### ..# ##.# ......
#[.. .#......##..##
........#.....
#.............##
#.......#.#...#
...#.?....#O@##
##.#.......{...#
#..........#..#....#
.###.#.#........#...##
.......#.............#
..................#.##
#....##............#
#...#..............#
#...........####.#


You could see an ogre.

Vanquished Creatures
  2 worker ants
  6 adders
  A worm (D:2)
  5 giant geckos
  3 orcs (D:3)
  16 bats
  6 giant cockroaches
  13 goblins
  12 hobgoblins
  7 jackals
  6 kobolds
  A quokka (D:2)
  2 ball pythons
  A giant newt (D:3)
  A gnoll skeleton (D:4)
  A kobold skeleton (D:4)
  13 rats
96 creatures vanquished.

Notes
Turn   | Place    | Note
--------------------------------------------------------------
     0 | D:1      | Chiseanne, the Mummy Fire Elementalist, began the quest for the Orb.
     0 | D:1      | Reached XP level 1. HP: 13/13 MP: 3/3
   278 | D:1      | Reached XP level 2. HP: 19/19 MP: 4/4
   337 | D:1      | Reached skill level 3 in Fire Magic
   882 | D:1      | Reached XP level 3. HP: 20/24 MP: 5/5
  7194 | D:1      | Noticed an ogre
  7382 | D:2      | Reached XP level 4. HP: 30/30 MP: 2/7
  8219 | D:3      | Reached skill level 4 in Fire Magic
  8467 | D:3      | Found a snail-covered altar of Cheibriados.
  9233 | D:2      | Learned a level 2 spell: Throw Flame
  9237 | D:2      | Learned a level 3 spell: Conjure Flame
 12405 | D:2      | Reached XP level 5. HP: 28/35 MP: 0/10
 15984 | D:2      | Noticed a centaur warrior
 16338 | D:3      | Noticed an ogre
 16720 | D:4      | Noticed an ogre
 16736 | D:4      | Slain by an ogre

Action                   |  1- 3 |  4- 6 || total
-------------------------+-------+-------++-------
Melee: Short sword       |    90 |    68 ||   158
 Cast: Flame Tongue      |    49 |    49 ||    98
       Throw Flame       |       |    42 ||    42
       Conjure Flame     |       |     1 ||     1
  Use: Scroll            |     4 |       ||     4
 Stab: Sleeping          |     1 |       ||     1
